 Dungeon Crawl Stone Soup version 0.23.1-41-g7e51ed32d8 (webtiles) character file.

Game seed: 5505365287310308564

4856 KamiKatze the Archer (level 10, -11/126 HPs)
             Began as a Centaur Hunter on Mar 27, 2019.
             Was an Elder of Okawaru.
             Mangled by a hornet (14 damage)
             ... on level 9 of the Dungeon on Mar 29, 2019.
             The game lasted 00:50:32 (9713 turns).

KamiKatze the Archer (Centaur Hunter)               Turns: 9713, Time: 00:50:33

Health: -11/126    AC:  5    Str: 23    XL:     10   Next: 25%
Magic:  21/21      EV:  8    Int: 10    God:    Okawaru [****..]
Gold:   544        SH:  0    Dex: 10    Spells: 7/9 levels left

rFire    . . .     SeeInvis .   b - +0 trident
rCold    . . .     Gourm    .   (no shield)
rNeg     . . .     Faith    .   n - +0 troll leather armour
rPois    .         Spirit   .   (no helmet)
rElec    .         Reflect  .   (no cloak)
rCorr    .         Harm     .   (no gloves)
MR       .....                  (no barding)
Stlth    ..........             (no amulet)
HPRegen  0.71/turn              e - ring of magical power
MPRegen  0.17/turn              B - -2 ring of evasion

@: berserking, lethally poisoned (-11 -> -12), slowed, heavily drained, very
quick
A: large, hooves 3, deformed body, speed 2, tough skin 3
a: Heroism, Renounce Religion


You were on level 9 of the Dungeon.
You worshipped Okawaru.
Okawaru was greatly pleased with you.
You were not hungry.

You visited 2 branches of the dungeon, and saw 10 of its levels.

You collected 544 gold pieces.

Inventory:

Hand Weapons
 a - a +1 shortbow
 b - a +0 trident (weapon)
 j - a +2 hand axe of flaming
 m - the +0 hand axe of Nerima {drain, rPois rF+ rC-}
   (You found it on level 6 of the Dungeon)

   A truly terrible weapon, it drains the life of those it strikes.
   It protects you from fire.
   It makes you vulnerable to cold.
   It protects you from poison.
 w - a +0 spear
 L - a +0 halberd
Missiles
 d - 141 arrows
 r - 82 bolts
Armour
 c - a +0 leather armour
 n - a +0 troll leather armour (worn)
 o - a +1 chain mail
 x - a +0 scale mail
 I - +0 ice dragon scales
Jewellery
 e - a ring of magical power (left hand)
 g - an uncursed ring of wizardry
 B - a -2 ring of evasion (right hand)
 M - an uncursed ring of fire
Wands
 E - a wand of polymorph (8)
 H - a wand of iceblast (6)
Scrolls
 h - 4 scrolls of teleportation
 k - 3 scrolls of enchant armour
 p - a scroll of blinking {unknown}
 y - 2 scrolls of identify
 F - a scroll of fog
 J - 2 scrolls of silence {unknown}
 O - a scroll of remove curse
 P - a scroll of amnesia
Potions
 i - 2 potions of brilliance
 l - 2 potions of haste
 q - a potion of lignification
 s - a potion of invisibility
 t - a potion of curing
 u - a potion of cancellation {unknown}
 v - 4 potions of flight
 z - a potion of agility
 A - a potion of degeneration {unknown}
 D - a potion of ambrosia {unknown}
 G - 2 potions of might {unknown}
 K - a potion of heal wounds
Comestibles
 f - 17 rations
 N - 4 chunks of flesh


   Skills:
 + Level 6.4(3.4) Fighting
 + Level 5.2(2.3) Polearms
 + Level 12.1(8.6) Bows
 + Level 4.3(1.5) Armour
 + Level 4.9(1.9) Dodging
 - Level 0.4(0.0) Stealth
 - Level 2.7(0.0) Invocations


You had 7 spell levels left.
You knew the following spells:

 Your Spells              Type           Power        Failure   Level  Hunger
a - Apportation           Tloc           #.....       41%         1    ##.....
b - Animate Skeleton      Necr           N/A          41%         1    ##.....

Your spell library contained the following spells:

 Spells                   Type           Power        Failure   Level  Hunger
 Confusing Touch          Hex            #.....       41%         1    ##.....
 Corona                   Hex            #......      41%         1    ##.....
 Magic Dart               Conj           #...         41%         1    ##.....
 Summon Small Mammal      Summ           #...         41%         1    ##.....
 Blink                    Tloc           N/A          54%         2    ###....
 Call Imp                 Summ           #.......     54%         2    ###....
 Ensorcelled Hibernation  Hex/Ice        #.....       54%         2    ###....
 Poisonous Vapours        Pois/Air       #.....       54%         2    ###....
 Slow                     Hex            #.......     54%         2    ###....
 Confuse                  Hex            #.......     78%         3    ####...
 Conjure Flame            Conj/Fire      #.......     78%         3    ####...
 Dazzling Spray           Conj/Hex       #.....       78%         3    ####...
 Mephitic Cloud           Conj/Pois/Air  #.......     78%         3    ####...
 Tukima's Dance           Hex            #.......     78%         3    ####...
 Freezing Cloud           Conj/Ice/Air   #.........   100%        6    #######
 Ring of Flames           Chrm/Fire      #.........   100%        7    #######


Dungeon Overview and Level Annotations

Branches:
Dungeon (9/15)             Temple (1/1) D:4
   Lair: D:8-11         Orc: D:9-12

Altars:
Ashenzari
Cheibriados
Dithmenos
Elyvilon
Fedhas
Gozag
Hepliaklqana
Kikubaaqudgha
Makhleb
Okawaru
Sif Muna
Trog
Uskayaw
Vehumet
Wu Jian
Xom
Yredelemnul
Zin
The Shining One
Lugonu

Shops:
D:4 (   D:5 :

Annotations:
D:3 3 runed translucent doors, exclusion: 3 doors, P0WERM0DE's ghost, amateur DDFi; cada's ghost, amateur GnSk
D:4 Grinder


Innate Abilities, Weirdness & Mutations

You have hooves in place of feet.
Armour fits poorly on your strangely shaped body.
You cover ground very quickly.
You have extremely tough skin. (AC +3)


Message History

The hornet stings you.
* * * LOW HITPOINT WARNING * * *
You are poisoned.
You feel as though you will be slow longer.
The hornet stings you!
* * * LOW HITPOINT WARNING * * *
You feel as though you will be slow longer.
The hornet stings you!
* * * LOW HITPOINT WARNING * * *
You feel as though you will be slow longer.
You barely miss the hornet. You kick the hornet.
The hornet is lightly wounded.
You feel sick.
The hornet stings you but does no damage.
You miss the hornet.
The hornet is lightly wounded.
You feel sick.
The hornet stings you but does no damage.
The hornet stings you!
You die...

#########)# ##..... ........).#
#...... ########O.# #...).. #..#
#...... #÷.###......
####..#...#.... #.....#.#.##...
###########.#####'###...÷
#.......@yO.###...).####.
#########.###########...).....##.
..........# #...........#.
)########## ##...≈≈§≈§...## .#
#.....§.§§§...# .#
#.............# .##
#.............# ..#
#.....(#[.....# ..#
#......#......#


You could see a two-headed ogre and a hornet.

Vanquished Creatures
  A two-headed ogre (D:8)
  Pikel (D:6)
  2 hippogriffs
  Eustachio (D:5)
  A water moccasin (D:9)
  An ice beast (D:5)
  3 orc warriors
  A sky beast (D:5)
  3 phantoms
  4 ogres
  A necrophage (D:9)
  2 centaurs (D:9)
  A big kobold (D:7)
  5 bullfrogs
  5 wights (D:9)
  5 howler monkeys (D:6)
  A crimson imp (D:2)
  3 hounds
  A jelly (D:5)
  2 orc priests (D:8)
  A centaur skeleton (D:4)
  2 iguanas
  4 worker ants
  8 orc wizards
  A hound skeleton (D:7)
  2 worker ant zombies (D:9)
  19 adders
  3 gnolls (D:8)
  A shadow imp (D:7)
  An ooze (D:3)
  2 adder skeletons (D:8)
  3 worms
  3 leopard geckos
  26 orcs
  3 bats
  8 giant cockroaches
  5 goblins
  7 hobgoblins
  13 jackals
  4 quokkas
  2 ball pythons
  8 frilled lizards
  13 kobolds
  A leopard gecko skeleton (D:6)
  3 leopard gecko zombies
  12 rats
199 creatures vanquished.

Notes
Turn   | Place    | Note
-------+----------+-------------------------------------------
     0 | D:1      | KamiKatze the Centaur Hunter began the quest for the Orb.
     0 | D:1      | Reached XP level 1. HP: 17/17 MP: 1/1
   177 | D:1      | Reached XP level 2. HP: 21/24 MP: 2/2
   553 | D:2      | Reached skill level 6 in Bows
   555 | D:2      | Found a shattered altar of Ashenzari.
   560 | D:2      | Reached XP level 3. HP: 24/30 MP: 3/3
   933 | D:2      | Found a faded altar of an unknown god.
  1328 | D:2      | Found a burning altar of Makhleb.
  1340 | D:2      | Reached XP level 4. HP: 36/37 MP: 4/4
  1943 | D:3      | Reached skill level 1 in Polearms
  2125 | D:3      | Reached XP level 5. HP: 30/44 MP: 5/5
  2305 | D:3      | Found a runed translucent gate.
  2305 | D:3      | Found a runed translucent gate.
  2305 | D:3      | Noticed cada's ghost (amateur GnSk)
  2306 | D:3      | Found a runed translucent gate.
  2306 | D:3      | Noticed P0WERM0DE's ghost (amateur DDFi)
  2377 | D:4      | Found Ruimixkino's Antique Weapon Shoppe.
  2407 | D:4      | Reached skill level 1 in Armour
  2479 | D:4      | Reached skill level 7 in Bows
  2545 | D:4      | Noticed a phantom
  2623 | D:4      | Found a staircase to the Ecumenical Temple.
  2629 | Temple   | Entered the Ecumenical Temple
  2732 | Temple   | Became a worshipper of Warmaster Okawaru
  2952 | D:4      | Noticed a phantom
  3084 | D:4      | Killed a phantom
  3084 | D:4      | Reached XP level 6. HP: 48/51 MP: 6/6
  3662 | D:5      | Entered Level 5 of the Dungeon
  3691 | D:5      | Found a bloodstained altar of Trog.
  3710 | D:5      | Noticed a sky beast
  3804 | D:5      | Noticed Grinder
  3835 | D:3      | HP: 1/51 [orc wizard/magic dart (3)]
  4043 | D:5      | Killed a sky beast
  4043 | D:5      | Reached skill level 8 in Bows
  4043 | D:5      | Reached XP level 7. HP: 12/57 MP: 7/7
  4111 | D:5      | You fall through a shaft!
  4539 | D:6      | Got an ebony hand axe
  4557 | D:6      | Reached * piety under Okawaru
  4720 | D:5      | Noticed Eustachio
  4790 | D:5      | Killed Eustachio
  4790 | D:5      | Reached skill level 9 in Bows
  4909 | D:5      | Upgraded the game from 0.23.1-37-gaa34b87b72 to
                  | 0.23.1-38-g628c18f423
  4990 | D:5      | Reached XP level 8. HP: 56/66 MP: 8/8
  5050 | D:5      | Reached ** piety under Okawaru
  5229 | D:5      | Found Fer Wafo's Book Shop.
  5647 | D:6      | Found a glowing golden altar of the Shining One.
  5896 | D:6      | Reached skill level 10 in Bows
  6216 | D:7      | Noticed a hippogriff
  6264 | D:6      | Killed a hippogriff
  6264 | D:6      | Reached skill level 5 in Fighting
  6264 | D:6      | Reached skill level 1 in Invocations
  6472 | D:7      | Noticed Pikel
  6489 | D:7      | Found a shimmering altar of Xom.
  6610 | D:6      | Killed Pikel
  6610 | D:6      | Reached *** piety under Okawaru
  6610 | D:6      | Reached XP level 9. HP: 72/74 MP: 10/10
  6744 | D:7      | Found a blossoming altar of Fedhas.
  6958 | D:7      | Reached skill level 11 in Bows
  7201 | D:8      | Found the cursed +13 scythe of Curses {drain, *Curse}
  7655 | D:8      | Found a hazy altar of Hepliaklqana.
  7937 | D:8      | Noticed a two-headed ogre
  8025 | D:8      | Killed a two-headed ogre
  8025 | D:8      | Reached **** piety under Okawaru
  8025 | D:8      | Reached XP level 10. HP: 67/83 MP: 12/12
  8333 | D:8      | Identified the cursed +0 hand axe of Nerima {drain, rPois
                  | rF+ rC-} (You found it on level 6 of the Dungeon)
  8430 | D:9      | Reached skill level 5 in Polearms
  8826 | D:9      | HP: 4/83 [poisoned by a water moccasin]
  8828 | D:9      | HP: 1/83 [poisoned by a water moccasin]
  8931 | D:9      | Reached skill level 12 in Bows
  8956 | D:9      | Upgraded the game from 0.23.1-38-g628c18f423 to
                  | 0.23.1-41-g7e51ed32d8
  9380 | D:9      | Learned a level 1 spell: Apportation
  9382 | D:9      | Learned a level 1 spell: Animate Skeleton
  9572 | D:9      | Found a basalt altar of Yredelemnul.
  9675 | D:9      | Found an ancient bone altar of Kikubaaqudgha.
  9675 | D:9      | Noticed a two-headed ogre
  9707 | D:9      | Paralysed by a hornet for 1 turns
  9711 | D:9      | HP: 3/126 [hornet (10)]
  9713 | D:9      | Mangled by a hornet

Skill      XL: |  1  2  3  4  5  6  7  8  9 10 |
---------------+-------------------------------+-----
Bows           | 6 7 8 9 10 11 12 | 12.1
Dodging        | 2 3 4 |  4.9
Polearms       | 1 2 4 5 |  5.2
Armour         | 1 2 3 4 |  4.3
Fighting       | 3 4 5 6 |  6.4
Invocations    | 2 |  2.7
Stealth        | |  0.4

Action                   |  1- 3 |  4- 6 |  7- 9 | 10-12 || total
-------------------------+-------+-------+-------+-------++-------
Melee: Short sword       |    84 |       |       |       ||    84
       Kick              |    23 |    33 |    92 |    27 ||   175
       Spear             |    64 |   163 |   319 |    20 ||   566
       Trident           |       |    49 |   143 |   106 ||   298
       Halberd           |       |       |       |    22 ||    22
 Fire: Shortbow          |       |    27 |   118 |    84 ||   229
Invok: Heroism           |       |       |       |     2 ||     2
  Use: Scroll            |       |    13 |     3 |     1 ||    17
       Potion            |       |     1 |       |     4 ||     5
  Eat: Chunk             |     1 |     5 |     9 |     4 ||    19
       Ration            |       |       |     1 |       ||     1
Armor: Ring mail         |    61 |    14 |       |       ||    75
       Scale mail        |       |    58 |    40 |       ||    98
       Troll leather arm |       |       |   103 |    33 ||   136
Dodge: Dodged            |    59 |    64 |   232 |    56 ||   411
